[Event "3rd President Cup-A 2024"]
[Site "Tashkent"]
[Date "2024.11.22"]
[Round "1.10"]
[White "Pranesh M"]
[Black "Zhu, Hengyi"]
[Result "1-0"]
[ECO "C11"]
[WhiteElo "2580"]
[BlackElo "2361"]
[Annotator "TA"]
[PlyCount "67"]
[EventDate "2024.11.22"]
[EventType "swiss"]
[EventCountry "UZB"]
[SourceTitle "playchess.com"]
[Source "ChessBase"]
[SourceQuality "1"]
[TimeControl "5400+30"]

1. e4 e6 2. d4 d5 3. Nc3 Nf6 4. e5 Nfd7 5. f4 c5 6. Nf3 Nc6 7. Be3 cxd4 8. Nxd4 Qb6 9. Qd2 Qxb2 10. Rb1 Qa3 11. Bb5 Nxd4 12. Bxd4 a6 13. Bxd7+ (13. Rb3 $5 Qe7 $8 14. Bxd7+ Qxd7 15. Ne2 $15) 13... Bxd7 {[%emt 0:00:14] The position is equal.} 14. Rb3 Qe7 (14... Qa5 $2 15. Bb6 $18 (15. Rxb7 Bb4 $17) (15. Rxb7 Bb4 $17)) 15. O-O (15. Rxb7 $11 Qh4+ 16. Qf2) 15... Bc6 16. f5 Qd7 17. Ne2 exf5 (17... Bb5 $11) 18. Ng3 $14 O-O-O 19. Qc3 {[%emt 0:05:15][%cal Of1b1] Black must now prevent Rfb1!} (19. Rxf5 g6 20. Rf6 Be7 $16) 19... Qe6 {[%emt 0:04:12] White stays focused until the end.} (19... Qc7 $14) 20. Nxf5 $18 {[%emt 0:05:52] Black is weak on the dark squares} (20. Rxf5 h5 $11) 20... g6 $2 {[%emt 0:02:44] [#]} (20... Rd7 21. Bb6 Qe8) 21. Nd6+ $1 Bxd6 22. exd6 Qxd6 23. Bxh8 d4 24. Qh3+ f5 25. Qxh7 Qc5 {[%emt 0:00:45] Threatens to win with ...d3+.} 26. Qxg6 d3+ 27. Kh1 dxc2 28. Rc3 (28. Rxf5 $2 c1=Q+) 28... Qf2 29. Rxc6+ (29. Rxf2 $2 Rd1+) 29... Kb8 30. Be5+ (30. Rxf2 $2 Rd1+) 30... Ka7 {[%emt 0:00:13] [#]} 31. Rg1 {[%emt 0:01:16] Bg3 is the strong threat. White is clearly winning.} (31. Rxf2 $2 Rd1+) (31. Bb8+ $2 Kxb8 32. Rg1 bxc6 33. Qxc6 Rc8 (33... Qxg1+ $2 34. Kxg1 Rd1+ 35. Kf2 $19) 34. Qd6+ Rc7 $19) (31. Bd4+ $2 Rxd4 $19) 31... bxc6 32. Qg7+ (32. Qxc6 Qxg1+ 33. Kxg1 Rd1+ 34. Kf2 c1=Q $11) 32... Ka8 {[%emt 0:00:53][%cal Of2g1] Hoping for ...Qxg1+!} 33. Qg5 ({Not} 33. Qh6 Qb6 $18 (33... Qxg1+ $2 34. Kxg1 Kb7 35. Kf2 $18)) 33... Re8 ({Avoid the trap} 33... Qxg1+ $2 34. Kxg1 Rd1+ 35. Kf2) 34. Bg3 {[%emt 0:00:12] Weighted Error Value: White=0.35/Black=0.64.  Mistake:       	White=1     	Black=3      Inaccurate:     	White=2     	Black=3      OK:         	White=11    	Black=3      Best:        	White=2     	Black=5      Brilliant:      	White=1     	---} 1-0

[Event "3rd President Cup-A 2024"]
[Site "Tashkent"]
[Date "2024.11.22"]
[Round "1.11"]
[White "Omonov, Asrorjon"]
[Black "Gareyev, Timur"]
[Result "1/2-1/2"]
[ECO "A40"]
[WhiteElo "2360"]
[BlackElo "2552"]
[Annotator "TA"]
[PlyCount "78"]
[EventDate "2024.11.22"]
[EventType "swiss"]
[EventCountry "UZB"]
[SourceTitle "playchess.com"]
[Source "ChessBase"]
[SourceQuality "1"]
[TimeControl "5400+30"]

1. d4 c5 2. d5 g6 3. c4 Bg7 4. Nc3 Bxc3+ 5. bxc3 f5 6. e4 fxe4 7. f3 {[%emt 0:03:26] White is more active.} Nf6 8. fxe4 {[%emt 0:02:22] [#] e5 is the strong threat.} d6 9. Nf3 e5 ({Better is} 9... Bg4 $1 $14) 10. dxe6 (10. Bh6 $16) 10... Bxe6 $11 11. Bg5 Qe7 12. Bxf6 ({White should try} 12. Bd3 $14) 12... Qxf6 13. Qxd6 Nc6 14. e5 (14. Qxc5 $2 {loses.} Qxc3+ 15. Kf2 Qxa1 $19) ({White should play} 14. Rb1 $14 Qxc3+ 15. Kf2) 14... Qe7 15. O-O-O Rd8 16. Qxe7+ Kxe7 17. Bd3 Rhf8 18. Be4 Bxc4 19. h4 Rf4 20. Rde1 Bd3 21. Bxd3 Rxd3 22. Kc2 c4 (22... Rd5 $17 23. h5 g5 24. Nxg5 Rf2+ 25. Kc1 Rxa2 (25... Rxg2 26. Rhg1 $17)) 23. Re2 b5 {[%emt 0:00:02] Strongly threatening ...b4.} 24. a3 a5 25. Rd2 $1 Re3 {[%emt 0:11:34][%cal Ob5b4] Threatens to win with ...b4!} 26. Rb1 Nxe5 27. Nd4 Nd3 28. Rxb5 Rxh4 29. Rxa5 Rh1 30. Re2 Rxe2+ 31. Nxe2 $17 {[%emt 0:00:01][%mdl 4096] Endgame. [#] KRN-KRN} Rh2 (31... Ne1+ $1 $17 32. Kd2 Nxg2) 32. Kd1 {[%emt 0:00:19] The position is equal.} h5 {[%emt 0:01:35][%cal Oh5h4] And now ...h4! would win.} 33. g3 Kf6 34. Ra6+ Kg5 35. a4 Rg2 36. a5 Rf2 37. Ra8 Kg4 38. a6 {[%emt 0:00:23] Rc8 would now be deadly.} Rf1+ 39. Kd2 {[%emt 0:00:06] Hoping for Rc8.} Ra1 {[%emt 0:00:04] Weighted Error Value: White=0.15 (very precise) /Black=0.13 (very precise) .  Mistake:       	White=3     	Black=3      Inaccurate:     	White=4     	Black=2      OK:         	White=10    	Black=14     Best:        	White=1     	Black=2      Strong:       	White=1     	---} 1/2-1/2